 Dungeon Crawl Stone Soup version 0.29.0-15-g675c0067aa (webtiles) character file.

Game seed: 1623604875658533058

2714 Strat the Zephyrmancer (level 9, -2/74 HPs)
             Began as a Black Draconian Enchanter on Sept 11, 2022.
             Was an Elder of Sif Muna.
             Slain by a wight
             ... wielding a +0 halberd
              (9 damage)
             ... on level 7 of the Dungeon.
             The game lasted 00:28:26 (9870 turns).

Strat the Zephyrmancer (Black Draconian Enchanter)  Turns: 9870, Time: 00:28:26

Health: -2/74      AC:  9    Str: 11    XL:     9   Next: 39%
Magic:  13/15      EV: 11    Int: 20    God:    Sif Muna [****..]
Gold:   270        SH:  5    Dex: 11    Spells: 3/16 levels left

rFire   . . .      SeeInvis .   a - +0 rapier (venom)
rCold   . . .      Faith    .   e - +0 buckler
rNeg    . . .      Spirit   .   (body armour unavailable)
rPois   .          Reflect  .   (helmet restricted)
rElec   +          Harm     .   g - +1 cloak
rCorr   .          Rampage  .   (no gloves)
Will    .....                   (no boots)
Stlth   ++........              h - amulet of regeneration
HPRegen 1.02/turn               (no ring)
MPRegen 0.14/turn               (no ring)

@: lethally poisoned (-2 -> -3)
A: breathe lightning, AC +7, unfitting armour, electricity resistance,
cold-blooded
a: Breathe Lightning, Renounce Religion, Channel Magic, Forget Spell, Divine
Exegesis


You were on level 7 of the Dungeon.
You worshipped Sif Muna.
Sif Muna was greatly pleased with you.
You visited 1 branch of the dungeon, and saw 8 of its levels.

You collected 270 gold pieces.

Inventory:

Hand Weapons
 a - a +0 rapier of venom (weapon)
 b - a +1 dagger of protection
 i - a +1 dagger
 m - a +0 short sword
 x - a +2 spectral quarterstaff
Missiles
 l - a throwing net
 p - 2 javelins (quivered)
 u - 2 poisoned darts
Armour
 e - a +0 buckler (worn)
 g - a +1 cloak (worn)
Jewellery
 h - an amulet of regeneration (around neck)
 j - a ring of willpower
 w - an amulet of guardian spirit
Wands
 o - a wand of polymorph (6)
Potions
 c - a potion of degeneration {unknown}
 d - a potion of ambrosia
 f - a potion of brilliance {unknown}
 k - a potion of mutation {unknown}
 q - a potion of might {unknown}
 r - 3 potions of lignification
 s - a potion of haste
 v - a potion of attraction {unknown}


   Skills:
 - Level 5.0 Fighting
 - Level 6.5 Short Blades
 - Level 1.7 Dodging
 - Level 2.6 Stealth
 - Level 5.0 Shields
 - Level 4.0 Spellcasting
 + Level 4.3 Hexes
 - Level 8.0 Air Magic


You had 3 spell levels left.
You knew the following spells:

 Your Spells              Type           Power      Damage    Failure   Level
a - Ensorcelled Hibernat  Hex/Ice        24%        N/A       10%         2
b - Confusing Touch       Hex            21%        N/A       9%          3
c - Shock                 Conj/Air       80%        1d8       3%          1
d - Swiftness             Air            36%        N/A       1%          3
e - Airstrike             Air            18%        2d(3-19)  6%          4

Your spell library contained the following spells:

 Spells                   Type           Power      Damage    Failure   Level
 Poisonous Vapours        Pois/Air       40%        N/A       4%          2
 Tukima's Dance           Hex            21%        N/A       9%          3
 Sting                    Tmut/Pois      16%        1d3       16%         1
 Summon Small Mammal      Summ           16%        N/A       16%         1
 Dazzling Flash           Conj/Hex       24%        N/A       21%         3
 Summon Guardian Golem    Hex/Summ       12%        N/A       21%         3
 Call Canine Familiar     Summ           4%         N/A       43%         3
 Gell's Gravitas          Tloc           4%         N/A       43%         3
 Teleport Other           Tloc           4%         N/A       43%         3
 Freezing Cloud           Conj/Ice/Air   7%         6-21      83%         5
 Olgreb's Toxic Radiance  Pois           4%         N/A       85%         4
 Dispersal                Tloc           2%         N/A       100%        6
 Simulacrum               Ice/Necr       2%         N/A       100%        6
 Polar Vortex             Ice            2%         N/A       100%        9


Dungeon Overview and Level Annotations

Branches:
Dungeon (8/15)             Temple (0/1) D:6
   Lair: D:8-11

Altars:
Sif Muna
Uskayaw

Shops:
D:2 =*[   D:3 *   D:5 :

Annotations:
D:3 2 transporters, Sigmund
D:5 2 transporters, Tollund's ghost, amateur GnWr
D:6 2 transporters, ragingrage's ghost, novice HOMo
D:7 Joseph


Innate Abilities, Weirdness & Mutations

You can breathe wild blasts of lightning.
Your glossy black scales are hard. (AC +7)
You cannot fit into any form of body armour.
You are resistant to electric shocks. (rElec)
You are cold-blooded and may be slowed by cold attacks.


Message History

You hear some strange, mumbled words.
A puff of flame appears from out of thin air!
The puff of flame misses you.
There is a stone staircase leading up, spattered with blood here.
You feel sick. Sif Muna accepts your kill.
Reactivating autopickup.
You feel a bit more experienced.
The orc wizard hits you with a +2 dagger of venom.
* * * LOW HITPOINT WARNING * * *
You are more poisoned.
The orc warrior hits you with a +0 dire flail!!
* * * LOW HITPOINT WARNING * * *
Something hits you.
* * * LOW HITPOINT WARNING * * *
Deactivating autopickup; reactivate with Ctrl-A.
Your magical contamination has completely faded away.
You climb upwards.
Level annotation: Joseph Reactivating autopickup.
* * * LOW HITPOINT WARNING * * *
You feel very sick.
There is a stone staircase leading down here.
You feel much better.
You feel sick. Something hits you.
* * * LOW HITPOINT WARNING * * *
Deactivating autopickup; reactivate with Ctrl-A.
The orc warrior barely misses you. The orc wizard misses you.
You hit something but do no damage.
You feel sick. Something hits you but does no damage.
The orc wizard barely misses you.
The orc warrior hits you with a +0 dire flail!!
* * * LOW HITPOINT WARNING * * *
You hit something. Sif Muna accepts your kill.
Reactivating autopickup.
You feel a bit more experienced.
You feel sick. You block the orc wizard's attack.
The orc warrior hits you with a +0 dire flail.
* * * LOW HITPOINT WARNING * * *
The wight hits you from afar with a +0 halberd!
You die...

##...z....###.#..#
..........#......#
##............#.##
...........##...#
.#######..###..##
..#.......#...##
...?........#.###
..........###.z.##
..........##....@##
[.........#....)oo#
......(...#.......#
..........#.......#
..........##.....##
.................##
##........#.......#
#..##.##.........#
#.....####.......#


You could see an orc warrior, a wight and an orc wizard.

Vanquished Creatures
  A hornet (D:6)
  Edmund (D:6)
  A water moccasin (D:6)
  2 orc warriors (D:8)
  A black bear (D:5)
  A sky beast (D:6)
  A centaur (D:5)
  3 phantoms
  2 necrophages
  A water moccasin zombie (D:5)
  2 scorpions
  3 wights
  3 killer bees
  A howler monkey (D:6)
  3 hounds
  2 bullfrog zombies (D:5)
  A gnoll bouda (D:6)
  4 orc priests
  A jelly (D:6)
  A bullfrog skeleton (D:5)
  2 iguanas
  11 orc wizards
  A hound zombie (D:5)
  2 howler monkey zombies (D:5)
  5 gnolls
  A howler monkey skeleton (D:5)
  7 adders
  2 white imps
  A worm (D:2)
  2 dart slugs
  45 orcs
  7 endoplasms
  2 giant cockroaches
  2 goblins
  6 hobgoblins
  10 jackals
  2 quokkas
  3 ball pythons
  6 bats
  4 frilled lizards
  8 kobolds
  7 rats
171 creatures vanquished.

Vanquished Creatures (others)
  A bullfrog zombie (D:5)
  A bullfrog skeleton (D:5)
  A hound skeleton (D:5)
  An orc (D:5)
  8 withered plants (D:5)
12 creatures vanquished.

Grand Total: 183 creatures vanquished

Notes
Turn   | Place    | Note
-------+----------+-------------------------------------------
     0 | D:1      | Strat the Draconian Enchanter began the quest for the Orb.
     0 | D:1      | Reached XP level 1. HP: 14/14 MP: 3/3
   370 | D:1      | Found a faded altar of an unknown god.
   476 | D:1      | Prayed at the altar of an unknown god.
   476 | D:1      | Became a worshipper of Sif Muna the Loreminder
   476 | D:1      | Reached * piety under Sif Muna
   547 | D:1      | Reached XP level 2. HP: 14/22 MP: 5/5
   676 | D:1      | Reached skill level 1 in Fighting
  1428 | D:1      | Learned a level 2 spell: Ensorcelled Hibernation
  1584 | D:1      | You fall into a shaft and drop 1 floor!
  1606 | D:2      | Reached XP level 3. HP: 28/28 MP: 6/6
  1635 | D:2      | Found Syunever's Assorted Antiques.
  1954 | D:2      | Identified the +3 leather armour "Kocubbu" {Int+4}
  1963 | D:2      | Found Manuan's Jewellery Boutique.
  2054 | D:2      | Learned a level 3 spell: Confusing Touch
  2707 | D:3      | Reached ** piety under Sif Muna
  2939 | D:3      | Reached XP level 4. HP: 36/36 MP: 7/7
  3564 | D:2      | Found Lyank's Antique Armour Shoppe.
  3916 | D:3      | Noticed Sigmund
  4122 | D:3      | Found a transporter.
  4138 | D:3      | Found a transporter.
  4648 | D:4      | Reached XP level 5. HP: 41/41 MP: 8/8
  4976 | D:3      | Found Gumifun's General Store.
  5071 | D:4      | Found a hide-covered altar of Uskayaw.
  5190 | D:4      | Reached skill level 5 in Short Blades
  5278 | D:4      | Reached *** piety under Sif Muna
  5605 | D:4      | Reached XP level 6. HP: 45/48 MP: 9/9
  5772 | D:5      | Entered Level 5 of the Dungeon
  5940 | D:5      | Found Geagar's Book Boutique.
  6001 | D:5      | Reached skill level 1 in Shields
  6064 | D:5      | Your scales start taking on a glossy black colour.
  6064 | D:5      | Reached XP level 7. HP: 45/57 MP: 10/10
  6064 | D:5      | Gained mutation: You are resistant to electric shocks.
                  | (rElec) [Black Draconian growth]
  6258 | D:4      | Learned a level 1 spell: Shock
  6262 | D:4      | Learned a level 3 spell: Swiftness
  6424 | D:5      | Reached skill level 1 in Air Magic
  6573 | D:5      | Reached skill level 2 in Air Magic
  6603 | D:5      | Found a transporter.
  6610 | D:5      | Found a transporter.
  6611 | D:5      | Noticed Tollund's ghost (amateur GnWr)
  6626 | D:5      | Noticed a hornet
  6656 | D:5      | Reached skill level 3 in Air Magic
  6832 | D:5      | Reached skill level 4 in Air Magic
  7071 | D:5      | Reached XP level 8. HP: 63/63 MP: 12/12
  7293 | D:5      | Reached skill level 5 in Air Magic
  7530 | D:6      | Noticed Edmund
  7625 | D:6      | Learned a level 4 spell: Airstrike
  7676 | D:6      | Reached **** piety under Sif Muna
  7677 | D:6      | Reached skill level 6 in Air Magic
  7789 | D:6      | Noticed ragingrage's ghost (novice HOMo)
  7793 | D:6      | Found a transporter.
  7795 | D:6      | Noticed a boulder beetle
  7890 | D:6      | Found a transporter.
  8070 | D:6      | Noticed a hornet
  8075 | D:6      | Paralysed by a hornet for 3 turns
  8216 | D:6      | Found a staircase to the Ecumenical Temple.
  8237 | D:6      | Reached skill level 7 in Air Magic
  8819 | D:7      | Noticed Joseph
  8983 | D:6      | Reached XP level 9. HP: 48/71 MP: 15/15
  9479 | D:6      | Killed Edmund
  9787 | D:8      | Reached skill level 5 in Shields
  9791 | D:8      | Reached skill level 8 in Air Magic
  9855 | D:8      | Reached skill level 5 in Fighting
  9870 | D:7      | Slain by a wight

Illustrated notes

Levels and vault maps discovered:
D:1:      evilmike_arrival_plus, layout_basic, basic_ecumenical_altar,
          nicolae_hexahallways, minivault_4
D:2:      layout_basic, serial_shops, nicolae_shop_stone,
          nicolae_shop_overgrown_old_shop, nicolae_shop_advertising_works
          [nicolae_subvault_shop_adworks]
D:3:      gammafunk_wand_slinger, layout_basic, serial_shops,
          nicolae_square_shop, uniq_sigmund
D:4:      layout_loops_cross, lemuel_tele_altar
D:5:      layout_loops_ring, gammafunk_ghost_hive, serial_undead,
          serial_undead_b, serial_undead_b, serial_undead_f, serial_undead_a,
          serial_undead_b, serial_undead_f, kennysheep_diamond, st_stairs_7,
          lemuel_flame_loot_1
D:6:      layout_basic, minmay_temple_entry_proselytizer, gammafunk_ghost_arena,
          uniq_edmund
D:7:      layout_rooms, kennysheep_generic_room_12, uniq_joseph
D:8:      layout_cave_pools, uniq_amaemon

Skill      XL: |  1  2  3  4  5  6  7  8  9 |
---------------+----------------------------+-----
Fighting       | 1 2 3 4 5 |  5.0
Short Blades   | 2 3 4 5 6 |  6.5
Shields        | 1 2 4 5 |  5.0
Air Magic      | 4 7 8 |  8.0
Spellcasting   | 3 4 |  4.0
Hexes          | 3 4 |  4.3
Dodging        | |  1.7
Stealth        | |  2.6

Action                   |  1- 3 |  4- 6 |  7- 9 || total
-------------------------+-------+-------+-------++-------
Melee: Dagger            |   171 |   251 |       ||   422
       Tailslap          |    17 |    39 |    61 ||   117
       Punch             |     1 |     1 |     4 ||     6
       Rapier            |       |    69 |   461 ||   530
 Cast: Ensorcelled Hiber |     1 |     3 |     1 ||     5
       Confusing Touch   |       |       |    11 ||    11
       Shock             |       |       |    12 ||    12
       Airstrike         |       |       |     1 ||     1
       Swiftness         |       |       |     2 ||     2
 Abil: Breathe Lightning |       |       |     1 ||     1
Evoke: Wand              |       |       |     1 ||     1
  Use: Scroll            |       |     8 |     9 ||    17
       Potion            |       |     3 |     3 ||     6
 Stab: Sleeping          |     4 |     4 |     2 ||    10
       Invisible         |       |     3 |     2 ||     5
       Confused          |       |       |     4 ||     4
Armor: Skin              |    48 |    94 |   173 ||   315
Dodge: Dodged            |   123 |   151 |   253 ||   527
Block: Buckler           |       |       |    39 ||    39
